 Dungeon Crawl Stone Soup version 0.30-a0-743-gbfdf073431 (webtiles) character file.

Game seed: 813964974459617375

186 jimonade the Magician (level 5, -5/35 HPs)
             Began as a Djinni Fire Elementalist on Feb 6, 2023.
             Slain by a water moccasin zombie (6 damage)
             ... in an ossuary.
             The game lasted 00:06:06 (2918 turns).

jimonade the Magician (Djinni Fire Elementalist)    Turns: 2918, Time: 00:06:06

Health: -5/35      AC:  2    Str:  9    XL:     5   Next: 97%
Gold:   206        EV: 12    Int: 16    God:
                   SH:  0    Dex: 14

rFire   + + +      SeeInvis .    a - staff of fire
rCold   x . .      Faith    .    (no shield)
rNeg    . . .      Spirit   .    p - +0 robe
rPois   ∞          Reflect  .    (no helmet)
rElec   .          Harm     .    (no cloak)
rCorr   .          Rampage  .    (no gloves)
Will    .....                    (boots unavailable)
Stlth   ++                       (no amulet)
HPRegen 0.25/turn                o - ring of wizardry
MPRegen 0.00/turn                (no ring)

@: flying
A: sickness immunity, fire resistance 2, cold vulnerability 1, float, innate
caster, HP casting, extra vitality 1
a: no special abilities


You were in an ossuary.
You visited 1 branch of the dungeon, and saw 4 of its levels.
You also visited: Ossuary.

You collected 206 gold pieces.

Inventory:

Hand Weapons
 d - a +0 short sword
Missiles
 t - 6 poisoned darts
 x - 5 boomerangs
Armour
 c - a +0 chain mail
 f - a +0 leather armour
 l - a +0 ring mail
 p - a +0 robe (worn)
Magical Staves
 a - a staff of fire (weapon)
Jewellery
 o - a ring of wizardry (left hand)
 w - an amulet of faith
Scrolls
 g - a scroll of enchant armour {unknown}
 i - a scroll of poison {unknown}
 k - 2 scrolls of identify {unknown}
 n - a scroll of fog {unknown}
 r - a scroll of magic mapping {unknown}
 u - a scroll of noise {unknown}
 y - a scroll of teleportation {unknown}
Potions
 b - a potion of magic
 e - 2 potions of cancellation {unknown}
 h - a potion of might {unknown}
 j - a potion of lignification {unknown}
 m - a potion of curing {unknown}
 q - a potion of ambrosia {unknown}
 s - 2 potions of heal wounds {unknown}
 v - a potion of resistance {unknown}


   Skills:
 + Level 0.2 Fighting
 + Level 2.3 Dodging
 - Level 1.5 Stealth
 * Level 4.7 Spellcasting


You couldn't memorise any spells.
You knew the following spells:

 Your Spells              Type           Power      Damage    Failure   Level
a - Foxfire               Conj/Fire      100%       2x1d9     1%          1
b - Scorch                Fire           56%        2d8       1%          2
c - Kindle Blastsparks    Fire/Tloc/Air  56%        2d14      2%          3
d - Inner Flame           Hex/Fire       28%        N/A       2%          3
e - Flame Wave            Conj/Fire      28%        2d9       9%          4
f - Necrotise             Necr           72%        1d7       1%          1
g - Ensorcelled Hibernat  Hex/Ice        36%        N/A       1%          2
Your spell library was empty.

Dungeon Overview and Level Annotations

Branches:
Dungeon (4/15)            Ossuary (1/1)
 Temple: D:4-7

Altars:
Trog

Annotations:
D:4 Pikel


Innate Abilities, Weirdness & Mutations

You are immune to sickness and miasma.
You are immune to poison.
Your flesh is very heat resistant. (rF++)
You are vulnerable to cold. (rC-)
You float through the air rather than walking.
You learn spells naturally, not from books.
Your magical power is your life essence.
You have superior vitality. (+4 MHP)


Message History

The flame wave engulfs the gnoll zombie.
The gnoll zombie is heavily damaged.
The flame wave engulfs the water moccasin zombie.
The water moccasin zombie is lightly damaged.
You finish channelling waves of flame.
The water moccasin zombie bites you.
* * * LOW HITPOINT WARNING * * *
You are too injured to fight recklessly!
The water moccasin zombie attacks as you move away!
The water moccasin zombie closely misses you.
Casting: Flame Wave (quite dangerous; 9% risk of failure)
Confirm with . or Enter, or press ? or * to list all spells.
The spell is quite dangerous to miscast (9% risk of failure)!
Continue anyway?
Casting: Flame Wave (quite dangerous; 9% risk of failure)
Press: ? - help, Dir - look around, f - activate You feel a surge of power!
A wave of flame ripples out!
The flame wave engulfs the water moccasin zombie.
The water moccasin zombie is severely damaged. (Press . to intensify the flame waves.)
* * * LOW HITPOINT WARNING * * *
The water moccasin zombie closely misses you.
A wave of flame ripples out!
The flame wave engulfs the water moccasin zombie!
The water moccasin zombie is almost destroyed.
The flame wave engulfs the water moccasin zombie!
The water moccasin zombie is moderately damaged.
* * * LOW HITPOINT WARNING * * *
The water moccasin zombie bites you.
* * * LOW HITPOINT WARNING * * *
The water moccasin zombie closely misses you.
A wave of flame ripples out!
The flame wave engulfs the water moccasin zombie!
You destroy the water moccasin zombie!
The flame wave engulfs the water moccasin zombie.
The water moccasin zombie is heavily damaged.
The flame wave engulfs the gnoll zombie!
The gnoll zombie is almost destroyed.
* * * LOW HITPOINT WARNING * * *
You finish channelling waves of flame.
The water moccasin zombie misses you. The water moccasin zombie bites you.
You die...

##+## #...#
#...# #...#
... ##'##
#...# #.ZZ#
#.@.# #...#
##'## #...#
### #####...#
#!?!?#...#...#
+!$(!#.∩.'...#
#!!!!#...#..∩#
### #########


You could see a water moccasin zombie and a gnoll zombie.

Vanquished Creatures
  A lemure (D:4)
  2 water moccasin zombies (Ossuary)
  4 gnolls
  2 adders
  A worm (D:3)
  4 dart slugs
  An orc (D:3)
  5 ball pythons
  An endoplasm (D:3)
  3 giant cockroaches
  6 goblins
  5 hobgoblins
  3 jackals (D:1)
  2 quokkas
  6 bats
  4 frilled lizards
  A gnoll zombie (Ossuary)
  A hobgoblin zombie (Ossuary)
  8 kobolds
  3 kobold zombies (Ossuary)
  2 orc zombies (Ossuary)
  9 rats
74 creatures vanquished.

Vanquished Creatures (collateral kills)
  8 foxfires (D:2)
8 creatures vanquished.

Vanquished Creatures (others)
  137 foxfires
  10 plants (D:2)
147 creatures vanquished.

Grand Total: 229 creatures vanquished

Notes
Turn   | Place    | Note
-------+----------+-------------------------------------------
     0 | D:1      | jimonade the Djinni Fire Elementalist began the quest for
                  | the Orb.
     0 | D:1      | jimonade set off with the following spells memorised:
                  | Foxfire, Scorch, Kindle Blastsparks, Inner Flame, Flame
                  | Wave.
     0 | D:1      | Reached XP level 1. HP: 15/15 MP: 0/0
   283 | D:1      | Reached XP level 2. HP: 18/21 MP: 0/0
   425 | D:1      | Reached skill level 3 in Spellcasting
   527 | D:1      | Reached XP level 3. HP: 22/25 MP: 0/0
   527 | D:1      | Learned a level 1 spell: Necrotise
   906 | D:1      | You are sucked into a shaft and drop 1 floor!
   979 | D:2      | Reached XP level 4. HP: 10/31 MP: 0/0
  1463 | D:2      | Found a bloodstained altar of Trog.
  1626 | D:2      | Found a faded altar of an unknown god.
  1916 | D:3      | Reached skill level 4 in Spellcasting
  1916 | D:3      | Reached XP level 5. HP: 30/35 MP: 0/0
  1916 | D:3      | Learned a level 2 spell: Ensorcelled Hibernation
  2646 | D:4      | Noticed a lemure
  2647 | D:4      | Noticed a lemure
  2649 | D:4      | Noticed a lemure
  2651 | D:4      | Killed a lemure
  2651 | D:4      | Noticed a lemure
  2654 | D:4      | Noticed Pikel
  2656 | D:4      | Found a sand-covered staircase.
  2663 | Ossuary  | Entered an ossuary
  2918 | Ossuary  | Slain by a water moccasin zombie

Illustrated notes

Levels and vault maps discovered:
D:1:      sevenhm_arrival_forest_fort_small_5, layout_loops_corners
D:2:      layout_basic, basic_altar, chequers_ecumenical_altar_lobes,
          serial_bayou_lake_a
D:3:      layout_loops_corners
D:4:      layout_cave_pools, nicolae_hepliaklqana_hippocampus,
          minmay_temple_entry_stoned_glass, nicolae_ossuary_entry_ruins,
          columned_hall_lemuel, uniq_pikel
Ossuary:  ossuary_tomb_2

Skill      XL: |  1  2  3  4 |
---------------+-------------+-----
Spellcasting   | 3 4 |  4.7
Fighting       | |  0.2
Dodging        | |  2.3
Stealth        | |  1.5

Action                     |  1- 3 |  4- 6 || total
---------------------------+-------+-------++-------
   Cast: Foxfire           |    36 |    55 ||    91
         Scorch            |    13 |    16 ||    29
         Inner Flame       |       |     3 ||     3
         Flame Wave        |       |     3 ||     3
 Armour: Robe              |     2 |     4 ||     6
  Dodge: Dodged            |    12 |    25 ||    37

Table legend: (Time is in decaauts)
 A = Elapsed time spent in this place.
 B = Non-inter-level travel time spent in this place.
 C = Inter-level travel time spent in this place.
 D = Time resting spent in this place.
 E = Time spent auto-exploring this place.
 F = Levels seen in this place.
 G = Mean time per level.
                   A        B        C        D        E       F      G
               +--------+--------+--------+--------+--------+-----+--------+
         Total |   2916 |   2870 |     46 |    321 |   2142 |   5 |  583.2 |
       Dungeon |   2661 |   2615 |     46 |    105 |   2120 |   4 |  665.2 |
       Ossuary |    254 |    254 |      0 |    216 |     22 |   1 |  254.0 |
               +--------+--------+--------+--------+--------+-----+--------+

Top non-repeatable levels by time:
     D:1: 905 daAuts
     D:3: 884 daAuts
     D:2: 856 daAuts
 Ossuary: 254 daAuts
     D:4: 15 daAuts
